 Dungeon Crawl Stone Soup version 0.21-a0-531-gacddea6 (webtiles) character file.

119518 Berr the Blocker (level 16, -2/137 HPs)
             Began as a Demonspawn Berserker on Nov 17, 2017.
             Was the Champion of Trog.
             Slain by Rupert
             ... wielding a +5 great mace of holy wrath
              (21 damage)
             ... on level 4 of the Lair of Beasts on Dec 12, 2017.
             The game lasted 03:44:43 (30432 turns).

Berr the Blocker (Demonspawn Berserker)            Turns: 30432, Time: 03:44:44

Health: -2/137     AC: 26    Str: 30    XL:     16   Next: 28%
Magic:  0/17       EV: 17    Int:  9    God:    Trog [******]
Gold:   2334       SH: 13    Dex: 21    Spells: 15/15 levels left

rFire    x . .     SeeInvis .   O - +6 long sword "Ybaops" {protect, rF- rN+++ MR- Str+4}
rCold    + . .     Gourm    .   l - +1 buckler
rNeg     + + +     Faith    .   a - +3 chain mail {rN+}
rPois    +         Spirit   +   S - +2 hat {MR+}
rElec    .         Reflect  +   J - +1 cloak
rCorr    .         Harm     .   i - +2 pair of gloves {Str+3}
MR       +....                  (boots unavailable)
Stlth    ..........             g - +3 amulet of reflection
HPRegen  0.72/turn              F - ring "Utene" {Ice Dex+7}
MPRegen  0.15/turn              t - +1 ring of slaying

@: hasted, very quick
A: talons 3, slimy green scales 3, demonic guardian 2, fire resistance 1, high
mp 1, regeneration 1, robust 1, magic shield
a: Berserk, Trog's Hand, Brothers in Arms, Burn Spellbooks, Renounce Religion


You were on level 4 of the Lair of Beasts.
You worshipped Trog.
Trog was exalted by your worship.
You were hungry.

You visited 5 branches of the dungeon, and saw 28 of its levels.

You collected 2894 gold pieces.
You spent 560 gold pieces at shops.

Inventory:

Hand Weapons
 d - a +2 antimagic double sword
 j - the +4 great sword "Leviticus" {elec, Dex+5}
   (You found it on level 5 of the Lair of Beasts)

   Occasionally, upon striking a foe, it will discharge some electrical energy
   and cause terrible harm.
   It affects your dexterity (+5).
 M - a +4 antimagic spear
 O - the +6 long sword "Ybaops" (weapon) {protect, rF- rN+++ MR- Str+4}
   (You found it on level 1 of the Swamp)

   It protects the one who uses it against injury (+AC on strike).
   It affects your strength (+4).
   It makes you vulnerable to fire.
   It renders you almost immune to negative energy.
   It affects your resistance to hostile enchantments.
 R - a +6 hand crossbow
 V - a +5 spear of draining
Missiles
 z - 11 javelins of returning (quivered)
 U - 6 javelins of penetration
Armour
 a - a +3 chain mail of positive energy (worn)
 i - a +2 pair of gloves of strength (worn)
 l - a +1 buckler (worn)
 n - a +0 shield
 p - a +4 plate armour
 u - a +2 large shield of protection
 H - the +3 leather armour "Aclaulif" {rPois Int+3 SInv}
   (You bought it in a shop on level 11 of the Dungeon)

   It affects your intelligence (+3).
   It protects you from poison.
   It lets you see invisible.
 J - a +1 cloak (worn)
 S - a +2 hat of magic resistance (worn)
Jewellery
 g - a +3 amulet of reflection (around neck)
 t - a +1 ring of slaying (right hand)
 F - the ring "Utene" (left hand) {Ice Dex+7}
   (You bought it in a shop on level 11 of the Dungeon)

   [ring of ice]

   It enhances your ice magic.
   It affects your dexterity (+7).
   It makes you vulnerable to fire.
   It protects you from cold.
 I - an uncursed ring of protection from magic
 P - an uncursed amulet of regeneration
Wands
 q - a wand of polymorph (29)
 w - a wand of iceblast (15)
 y - a wand of removedness (9)
 B - a wand of paralysis (11)
 K - a wand of disintegration (15)
 Q - a wand of acid (9)
 Y - a wand of digging (39)
Scrolls
 h - 14 scrolls of teleportation
 m - 3 scrolls of removedness
 A - 4 scrolls of fear
 C - 14 scrolls of remove curse
 E - 2 scrolls of magic mapping
 L - 4 scrolls of fog
 T - a scroll of blinking
 X - 2 scrolls of identify
Potions
 b - 3 potions of might
 e - a potion of magic
 k - a potion of resistance
 v - 2 potions of flight
 x - 5 potions of curing
 G - 3 potions of invisibility
 Z - 2 potions of heal wounds
Comestibles
 c - 22 bread rations
 r - 10 meat rations
 s - 34 royal jellies
 D - 19 fruits


   Skills:
 - Level 11.0 Fighting
 - Level 11.4 Long Blades
 - Level 11.0 Polearms
 - Level 5.0 Throwing
 + Level 10.1 Armour
 - Level 10.1 Dodging
 + Level 14.2 Shields


You had 15 spell levels left.
You didn't know any spells.

Dungeon Overview and Level Annotations

Branches:
Dungeon (15/15)            Temple (0/1) D:6            Lair (6/6) D:8
  Swamp (4/4) Lair:3       Spider (1/4) Lair:4        Slime (0/5) Lair:6
    Orc (2/2) D:12            Elf (0/3) Orc:2        Vaults (0/5) D:14
 Depths (0/5) D:15

Altars:
Cheibriados
Dithmenos
Elyvilon
Fedhas
Gozag
Kikubaaqudgha
Nemelex Xobeh
Okawaru
Sif Muna
Uskayaw
Vehumet
Zin
Beogh
Jiyva

Shops:
D:9 [   D:11 *   D:12 }   Orc:1 }   Orc:2 *[:(

Annotations:
Lair:3 1 runed door
Lair:4 Rupert
Spider:1 Frances; gg19's ghost, adept TrCK


Innate Abilities, Weirdness & Mutations

You have claws for feet.
You are completely covered in slimy green scales. (AC +4, rPois)
A demonic guardian rushes to your aid.
Your flesh is heat resistant. (rF+)
When hurt, damage is shared between your health and your magic reserves.
You have an increased reservoir of magic. (+10% MP)
Your natural rate of healing is unusually fast.
You are robust. (+10% HP)


Message History

Rupert shouts!
You slash Rupert! You claw Rupert!
Rupert is moderately wounded.
Rupert hits you with a great mace of holy wrath!!
You convulse.
You slash Rupert! You claw Rupert.
Rupert is moderately wounded.
Rupert hits you with a great mace of holy wrath!!
* * * LOW HITPOINT WARNING * * *
You convulse!
* * * LOW HITPOINT WARNING * * *
You block Rupert's attack. Rupert completely misses you.
Rupert hits you with a great mace of holy wrath!
* * * LOW HITPOINT WARNING * * *
You convulse.
* * * LOW HITPOINT WARNING * * *
You feel yourself speed up.
Rupert hits you with a great mace of holy wrath!!
You die...

#..........# ########### #
###.<.......###.P#P##≈#≈####
#............##..≈≈≈.≈≈≈.#..
#...............≈.≈≈.≈≈.≈≈#. #
#.............#P≈≈.≈.≈.≈≈... #
#.............##≈≈≈...≈≈≈.#. #
##............##....>.....#. #
##..........#..≈≈≈...≈≈≈.##
#.#.......@@...≈≈.≈.≈.≈≈.##
##########...........≈.≈≈.≈≈.≈..#
.##.##.##.............≈≈≈.≈≈≈.###
...#.#.#.#........####≈.......# #
..................## #........# #
.......#######P.#..####......## #
.....###### #####..##........# #
.>...# #P.## ###...##........#
....## ##..####......##......##


You could see Rupert (berserk).

Vanquished Creatures
  The ghost of moogleknight the Cleaver, a journeyman DsGl of Makhleb (Orc:2)
  2 orc warlords
  A very ugly thing (Swamp:4)
  A dire elephant (D:15)
  A green death (Swamp:4)
  A hell beast (Swamp:4)
  15 hydras
  A death knight (D:13)
  4 alligators
  An ogre mage (D:15)
  8 two-headed ogres
  A tengu warrior (D:14)
  2 thrashing horrors (Swamp:4)
  A large abomination (Swamp:4)
  2 orc high priests (Orc:2)
  Sonja (D:15)
  6 swamp dragons
  2 spriggan druids (Swamp:4)
  A shambling mangrove (Swamp:3)
  The ghost of RedSky the Schismatic, a novice DsAK of Lugonu (D:7)
  5 orc knights
  A wolf spider (Lair:4)
  A salamander (D:15)
  2 oklob plants (Lair:2)
  3 ugly things
  A cyclops (D:12)
  An elephant (Lair:6)
  5 black mambas
  3 orange demons (Swamp:4)
  Joseph (D:8)
  14 spiny frogs
  2 kobold demonologists (D:11)
  2 rime drakes
  A freezing wraith (D:14)
  7 komodo dragons
  2 efreet
  A demonic crawler (Lair:4)
  6 trolls
  2 meliai
  3 tengu conjurers
  7 hornets
  2 queen bees
  A jumping spider (Lair:4)
  4 polar bears (Lair:6)
  23 slime creatures
  7 tyrant leeches
  18 blink frogs
  Grinder (D:3)
  14 bog bodies
  A dream sheep (Lair:6)
  14 hippogriffs
  4 tarantellas
  5 wyverns
  4 redbacks (Lair:4)
  14 spriggans
  3 basilisks
  2 shadows
  9 yaks
  A vampire (Swamp:1)
  3 fire elementals (D:15)
  5 hungry ghosts
  4 steam dragons
  12 vampire mosquitoes
  Edmund (D:6)
  A soldier ant (D:11)
  A small abomination (Swamp:4)
  24 insubstantial wisps
  14 water moccasins
  4 wargs
  15 swamp worms
  3 hell hounds (D:15)
  9 porcupines
  12 swamp drakes
  3 sky beasts
  4 black bears
  An eye of draining (D:13)
  30 orc warriors
  Duvessa (D:4)
  13 ice beasts
  A phantom (D:6)
  A necrophage (D:9)
  2 boggarts (Lair:6)
  17 wolves
  16 ogres
  4 centaurs
  12 crocodiles
  11 bullfrogs
  2 big kobolds (D:10)
  Dowan (D:4)
  A wyvern skeleton (D:10)
  2 scorpions
  43 killer bees
  A wight (D:15)
  6 howler monkeys
  2 electric eels
  5 jellies
  7 crimson imps
  A bullfrog zombie (D:11)
  2 bullfrog skeletons
  3 centaur zombies
  3 hounds
  13 orc priests
  4 centaur skeletons
  Natasha (thrice) (D:3)
  2 iguanas
  17 orc wizards
  10 worker ants
  A hell rat (Lair:2)
  A mummy (D:5)
  A worker ant zombie (D:10)
  A howler monkey skeleton (D:4)
  7 adders
  9 gnolls
  2 shadow imps
  An adder zombie (D:9)
  An adder skeleton (D:4)
  3 worms
  5 dart slugs
  3 leopard geckos
  71 orcs
  6 bats
  8 giant cockroaches
  9 goblins
  9 hobgoblins
  6 jackals
  3 quokkas
  A ball python (D:3)
  6 frilled lizards
  25 kobolds
  A leopard gecko skeleton (D:6)
  4 rats
  A fungus (Lair:5)
787 creatures vanquished.

Vanquished Creatures (collateral kills)
  Azrael (D:15)
  A death ooze (Swamp:4)
  A vault guard (D:14)
  A hell beast (Swamp:4)
  The ghost of plsesad the Slinger, a journeyman HaHu of Dithmenos (D:12)
  3 hydras
  A ghost crab (Swamp:4)
  A centaur warrior (D:14)
  A tengu warrior (D:14)
  5 two-headed ogres
  Pikel (D:4)
  2 orc sorcerers
  6 ugly things (D:15)
  5 manticores
  A kobold demonologist (D:11)
  A spiny frog (Swamp:3)
  A rime drake (Lair:2)
  4 meliai
  A tengu conjurer (D:14)
  4 hornets
  2 trolls
  A polar bear (Lair:6)
  5 blink frogs
  A meliai zombie (D:15)
  4 bog bodies
  2 hippogriffs
  7 slime creatures
  A redback (Lair:4)
  6 spriggans
  A wraith (D:15)
  12 yaks
  3 wyverns
  A fire elemental (D:15)
  A hungry ghost (D:8)
  A vampire mosquito (Swamp:4)
  A soldier ant (D:15)
  A hell hound (D:15)
  An ice beast (D:5)
  7 orc warriors
  2 sky beasts
  A slave (D:4)
  A black bear (Lair:6)
  3 ogres
  5 wolves (Lair:6)
  2 boggarts (Lair:6)
  3 centaurs (D:13)
  A crocodile (D:8)
  2 big kobolds
  A wyvern zombie (D:14)
  A wyvern skeleton (D:11)
  11 killer bees
  3 wights (D:15)
  An electric eel (Lair:5)
  4 howler monkeys
  A quasit (D:10)
  2 hounds
  2 orc wizards
  An iguana (D:5)
  A worker ant (D:11)
  3 gnolls
  5 adders
  A shadow imp (D:11)
  19 orcs
  A frilled lizard (D:3)
  2 kobolds
179 creatures vanquished.

Vanquished Creatures (others)
  A spiny frog (Swamp:4)
  A spriggan (Swamp:4)
  A yak (Lair:2)
  A warg (Orc:2)
  A centaur (D:13)
  A kobold (D:10)
  4 fungi
  2 plants
12 creatures vanquished.

Grand Total: 978 creatures vanquished

Notes
Turn   | Place    | Note
-------+----------+-------------------------------------------
     0 | D:1      | Berr the Demonspawn Berserker began the quest for the Orb.
     0 | D:1      | Reached XP level 1. HP: 18/18 MP: 1/1
    70 | D:1      | Gained mutation: You are partially covered in slimy green scales. (AC +2) [demonic ancestry]
    70 | D:1      | Reached XP level 2. HP: 13/24 MP: 2/2
   541 | D:1      | Gained mutation: You are mostly covered in slimy green scales. (AC +3) [demonic ancestry]
   541 | D:1      | Reached XP level 3. HP: 29/29 MP: 3/3
   644 | D:1      | Reached ** piety under Trog
  1304 | D:2      | Found an opulent altar of Gozag.
  1353 | D:2      | Found a shadowy altar of Dithmenos.
  1534 | D:2      | Found a white marble altar of Elyvilon.
  1567 | D:2      | Reached XP level 4. HP: 21/35 MP: 4/4
  2141 | D:3      | Noticed Grinder
  2396 | D:3      | Reached skill level 1 in Shields
  2531 | D:3      | Noticed Natasha
  2676 | D:3      | Found an iron altar of Okawaru.
  2762 | D:3      | Killed Grinder
  2762 | D:3      | Reached skill level 2 in Shields
  2762 | D:3      | Gained mutation: A weak demonic guardian rushes to your aid. [demonic ancestry]
  2762 | D:3      | Reached XP level 5. HP: 41/42 MP: 5/5
  2762 | D:3      | Reached XP level 6. HP: 47/48 MP: 6/6
  2799 | D:3      | Killed Natasha
  2847 | D:3      | Found a sparkling altar of Nemelex Xobeh.
  2925 | D:3      | Reached *** piety under Trog
  3191 | D:3      | Noticed Natasha
  3204 | D:3      | Killed Natasha
  3204 | D:3      | Reached skill level 3 in Shields
  3267 | D:3      | Noticed Natasha
  3410 | D:3      | Killed Natasha
  3545 | D:4      | Noticed Dowan
  3546 | D:4      | Noticed Duvessa
  3707 | D:4      | Found a hide-covered altar of Uskayaw.
  3843 | D:4      | Killed Duvessa
  3854 | D:4      | Killed Dowan
  3854 | D:4      | Gained mutation: You are completely covered in slimy green scales. (AC +4, rPois) [demonic ancestry]
  3854 | D:4      | Reached XP level 7. HP: 51/55 MP: 7/7
  4093 | D:4      | Noticed Pikel
  4366 | D:4      | Killed Pikel
  4366 | D:4      | Reached skill level 5 in Fighting
  4366 | D:4      | Reached skill level 5 in Shields
  4681 | D:5      | Entered Level 5 of the Dungeon
  4692 | D:5      | Gained mutation: A demonic guardian rushes to your aid. [demonic ancestry]
  4692 | D:5      | Reached XP level 8. HP: 58/62 MP: 8/8
  4944 | D:4      | Gained mutation: You are frail. (-10% HP) [potion of mutation]
  4944 | D:4      | Gained mutation: You evolve. [potion of mutation]
  4944 | D:4      | Gained mutation: Potions are less effective at restoring your health. [potion of mutation]
  4944 | D:4      | Gained mutation: You have large cloven feet. [potion of mutation]
  5147 | D:5      | Found a glowing silver altar of Zin.
  5449 | D:5      | Found a snail-covered altar of Cheibriados.
  5600 | D:5      | Reached skill level 5 in Dodging
  5685 | D:5      | Gained mutation: You possess an exceptional clarity of mind. [evolution]
  5685 | D:5      | Lost mutation: You evolve. [end of evolution]
  5774 | D:6      | Found a staircase to the Ecumenical Temple.
  5867 | D:6      | Reached skill level 5 in Polearms
  6005 | D:6      | Found an ancient bone altar of Kikubaaqudgha.
  6049 | D:6      | Reached **** piety under Trog
  6548 | D:6      | Lost mutation: You have large cloven feet. [demonic ancestry]
  6548 | D:6      | Gained mutation: You have sharp toenails. [demonic ancestry]
  6548 | D:6      | Reached XP level 9. HP: 63/63 MP: 9/9
  6929 | D:6      | Noticed Edmund
  6971 | D:6      | Killed Edmund
  7241 | D:6      | Got a pitted ring mail
  7242 | D:6      | Identified the cursed +1 ring mail "Tugyn" {rF+ rN++ MR-} (You found it on level 6 of the Dungeon)
  7871 | D:7      | Noticed RedSky's ghost (novice DsAK)
  7917 | D:7      | Killed RedSky's ghost
  8362 | D:7      | Got a faintly humming ring mail
  8363 | D:7      | Identified the cursed +1 ring mail "Napne" {rPois rC- rN++ Stlth+} (You found it on level 7 of the Dungeon)
  8599 | D:7      | Found a deep blue altar of Sif Muna.
  8655 | D:7      | Found a radiant altar of Vehumet.
  9010 | D:8      | Noticed Joseph
  9028 | D:8      | Killed Joseph
  9113 | D:8      | Found a staircase to the Lair.
  9288 | D:8      | Gained mutation: You have razor-sharp toenails. [demonic ancestry]
  9288 | D:8      | Reached XP level 10. HP: 72/72 MP: 10/10
  9386 | D:8      | Found a blossoming altar of Fedhas.
  9658 | D:8      | Reached ***** piety under Trog
  9671 | D:8      | Reached skill level 5 in Armour
  9904 | D:9      | Reached skill level 6 in Shields
  9945 | D:9      | Noticed a two-headed ogre
  9951 | D:9      | Killed a two-headed ogre
 10402 | D:9      | Received a gift from Trog
 10424 | D:9      | Found Aghosot's Armour Boutique.
 10567 | D:10     | Entered Level 10 of the Dungeon
 10660 | D:10     | Reached skill level 7 in Shields
 11200 | D:10     | Lost mutation: You are frail. (-10% HP) [potion of mutation]
 11200 | D:10     | Gained mutation: You evolve. [potion of mutation]
 11200 | D:10     | Gained mutation: You have an increased reservoir of magic. (+10% MP) [potion of mutation]
 11201 | D:10     | Lost mutation: You evolve. [potion of mutation]
 11201 | D:10     | Lost mutation: You possess an exceptional clarity of mind. [potion of mutation]
 11201 | D:10     | Lost mutation: Potions are less effective at restoring your health. [potion of mutation]
 11201 | D:10     | Gained mutation: You are robust. (+10% HP) [potion of mutation]
 11201 | D:10     | Gained mutation: Your flesh is heat resistant. (rF+) [potion of mutation]
 11201 | D:10     | Gained mutation: Your natural rate of healing is unusually fast. [potion of mutation]
 11291 | D:11     | Noticed a manticore
 11527 | D:11     | Noticed a two-headed ogre
 11552 | D:11     | HP: 2/88 [two-headed ogre/giant club (21)]
 11556 | D:11     | Killed a two-headed ogre
 11556 | D:11     | Reached XP level 11. HP: 32/94 MP: 12/12
 11752 | D:11     | Noticed a sixfirhy
 11809 | D:11     | Found Qaibut's Assorted Antiques.
 11818 | D:11     | Bought a smoking silver ring for 135 gold pieces
 11818 | D:11     | Bought a scroll of enchant armour for 202 gold pieces
 11818 | D:11     | Bought a heavily runed leather armour for 189 gold pieces
 11818 | D:11     | Identified the ring "Utene" {Ice Dex+7} (You bought it in a shop on level 11 of the Dungeon)
 11820 | D:11     | Identified the +3 leather armour "Aclaulif" {rPois Int+3 SInv} (You bought it in a shop on level 11 of the Dungeon)
 11887 | D:11     | Noticed a two-headed ogre
 11895 | D:11     | Killed a two-headed ogre
 11895 | D:11     | Reached skill level 1 in Throwing
 12088 | D:11     | Received a gift from Trog
 12303 | D:12     | Noticed a two-headed ogre
 12311 | D:12     | Killed a two-headed ogre
 12348 | D:12     | Noticed plsesad's ghost (journeyman HaHu)
 12366 | D:12     | Killed plsesad's ghost
 12631 | D:12     | Reached skill level 8 in Shields
 13119 | D:12     | Found a staircase to the Orcish Mines.
 13162 | D:12     | Reached ****** piety under Trog
 13162 | D:12     | Received a gift from Trog
 13218 | D:12     | Found Otadidgh's Gadget Shoppe.
 13231 | D:12     | Noticed a two-headed ogre
 13240 | D:12     | Killed a two-headed ogre
 13769 | D:13     | Noticed a death knight
 13799 | D:13     | Killed a death knight
 13911 | D:13     | Noticed a two-headed ogre
 13922 | D:13     | Killed a two-headed ogre
 13922 | D:13     | Reached skill level 9 in Shields
 13922 | D:13     | Reached XP level 12. HP: 104/104 MP: 4/13
 14638 | D:14     | Upgraded the game from 0.21-a0-444-g29a2fec to 0.21-a0-496-g696f58f
 14760 | D:14     | Found a gate to the Vaults.
 14760 | D:14     | Noticed a vault guard
 14810 | D:14     | Killed a vault guard
 14991 | D:14     | Noticed a tengu warrior
 14993 | D:14     | Noticed a centaur warrior
 14997 | D:14     | Killed a tengu warrior
 15005 | D:14     | Killed a centaur warrior
 15028 | D:14     | Noticed a tengu warrior
 15042 | D:14     | Killed a tengu warrior
 15175 | D:14     | Noticed a two-headed ogre
 15188 | D:14     | Killed a two-headed ogre
 15367 | D:15     | Entered Level 15 of the Dungeon
 15411 | D:15     | Noticed a seven-headed hydra
 15419 | D:15     | Killed a seven-headed hydra
 15482 | D:15     | Noticed a two-headed ogre
 15490 | D:15     | Killed a two-headed ogre
 15685 | D:15     | Received a gift from Trog
 15764 | D:15     | Noticed an eight-headed hydra
 15774 | D:15     | Killed an eight-headed hydra
 15784 | D:15     | Reached skill level 10 in Polearms
 16184 | D:15     | Upgraded the game from 0.21-a0-496-g696f58f to 0.21-a0-498-g1b60429
 16211 | D:15     | Gained mutation: When hurt, damage is shared between your health and your magic reserves. [demonic ancestry]
 16211 | D:15     | Reached XP level 13. HP: 98/111 MP: 14/14
 16252 | D:15     | Found a staircase to the Depths.
 16252 | D:15     | Noticed a dire elephant
 16365 | D:15     | Reached skill level 10 in Armour
 16410 | D:15     | Found a blossoming altar of Fedhas.
 16446 | D:15     | Noticed Azrael
 16508 | D:15     | Received a gift from Trog
 16517 | D:15     | Killed Azrael
 16627 | D:15     | Noticed Sonja
 16637 | D:15     | Killed Sonja
 16710 | D:15     | Upgraded the game from 0.21-a0-498-g1b60429 to 0.21-a0-509-gecc5317
 16785 | D:15     | Killed a dire elephant
 17182 | Orc:1    | Entered Level 1 of the Orcish Mines
 17184 | Orc:1    | Noticed an orc warlord
 17317 | Lair:1   | Entered Level 1 of the Lair of Beasts
 17454 | Lair:1   | Reached skill level 10 in Fighting
 17500 | Lair:1   | Found a frozen archway.
 17652 | Lair:1   | Upgraded the game from 0.21-a0-509-gecc5317 to 0.21-a0-513-gdcb3f5e
 17705 | Lair:1   | Reached skill level 10 in Dodging
 18677 | Lair:2   | Received a gift from Trog
 19130 | Lair:2   | Identified a scroll of acquirement
 19236 | Lair:2   | Found a radiant altar of Vehumet.
 20089 | Lair:3   | Found a staircase to the Swamp.
 20105 | Lair:3   | Mutation became permanent: Your flesh is heat resistant. (rF+) [demonic ancestry]
 20105 | Lair:3   | Gained mutation: Your flesh is heat resistant. (rF+) [demonic ancestry]
 20105 | Lair:3   | Reached XP level 14. HP: 124/124 MP: 15/15
 20125 | Lair:3   | Reached skill level 10 in Shields
 20498 | Lair:3   | Found a runed door.
 20878 | Lair:4   | Found a hole to the Spider Nest.
 20887 | Lair:4   | Reached skill level 5 in Throwing
 20888 | Lair:4   | Upgraded the game from 0.21-a0-513-gdcb3f5e to 0.21-a0-525-ga34b322
 21280 | Lair:4   | Received a gift from Trog
 22041 | Lair:5   | Received a gift from Trog
 22041 | Lair:5   | Reached skill level 11 in Shields
 22056 | Lair:5   | Upgraded the game from 0.21-a0-525-ga34b322 to 0.21-a0-528-gf531e82
 22600 | Lair:5   | Found the +2 pair of boots of the Assassin {Detection Stab+ Stlth++}
 22726 | Lair:5   | Got a transparent great sword
 22727 | Lair:5   | Identified the +4 great sword "Leviticus" {elec, Dex+5} (You found it on level 5 of the Lair of Beasts)
 22820 | Lair:6   | Entered Level 6 of the Lair of Beasts
 22828 | Lair:6   | Reached skill level 1 in Long Blades
 22829 | Lair:6   | Received a gift from Trog
 23286 | Lair:6   | Reached skill level 5 in Long Blades
 23551 | Lair:6   | Found a viscous altar of Jiyva.
 23579 | Lair:6   | Found a staircase to the Slime Pits.
 23624 | Lair:6   | Received a gift from Trog
 24152 | Swamp:1  | Entered Level 1 of the Swamp
 24181 | Swamp:1  | Got an iridescent long sword
 24182 | Swamp:1  | Identified the +6 long sword "Ybaops" {protect, rF- rN+++ MR- Str+4} (You found it on level 1 of the Swamp)
 24183 | Swamp:1  | Upgraded the game from 0.21-a0-528-gf531e82 to 0.21-a0-529-g8c7b3f5
 25132 | Swamp:2  | Gained mutation: You have claws for feet. [demonic ancestry]
 25132 | Swamp:2  | Reached XP level 15. HP: 102/129 MP: 12/16
 25281 | Swamp:2  | Reached skill level 12 in Shields
 25497 | Swamp:2  | Received a gift from Trog
 25890 | Swamp:2  | Received a gift from Trog
 26838 | Swamp:4  | Entered Level 4 of the Swamp
 27037 | Swamp:4  | Reached skill level 13 in Shields
 27262 | Swamp:4  | Reached skill level 10 in Long Blades
 27274 | Swamp:4  | Upgraded the game from 0.21-a0-529-g8c7b3f5 to 0.21-a0-531-gacddea6
 27530 | Swamp:4  | Received a gift from Trog
 27698 | Swamp:4  | Received a gift from Trog
 28148 | D:12     | Killed an orc warlord
 28191 | D:12     | Reached XP level 16. HP: 94/137 MP: 13/17
 28411 | Orc:1    | Paralysed by an orc sorcerer for 3 turns
 28440 | Orc:1    | Found a roughly hewn altar of Beogh.
 28651 | Orc:1    | Found Vighaomi's Gadget Boutique.
 28799 | Orc:2    | Entered Level 2 of the Orcish Mines
 28815 | Orc:2    | Received a gift from Trog
 28834 | Orc:2    | Found Jawnek's General Store.
 28840 | Orc:2    | Noticed moogleknight's ghost (journeyman DsGl)
 28890 | Orc:2    | Killed moogleknight's ghost
 28985 | Orc:2    | Bought a scroll of identify for 34 gold pieces
 28989 | Orc:2    | Found a roughly hewn altar of Beogh.
 29060 | Orc:2    | Found a roughly hewn altar of Beogh.
 29097 | Orc:2    | Found a staircase to the Elven Halls.
 29141 | Orc:2    | Found Enod's Antique Weapon Shoppe.
 29153 | Orc:2    | Reached skill level 14 in Shields
 29284 | Orc:2    | Found Hafesal's Book Shop.
 29418 | Orc:2    | Found Suemmuqa's Antique Armour Emporium.
 30071 | Spider:1 | Entered Level 1 of the Spider Nest
 30071 | Spider:1 | Noticed Rupert
 30076 | Spider:1 | Noticed Frances
 30076 | Spider:1 | Noticed gg19's ghost (adept TrCK)
 30432 | Lair:4   | Slain by Rupert

Vault maps used:
D:1:      scummos_arrival_gate, serial_bayou_pond_d
D:2:      grunt_gozag_statues, grunt_dithmenos_smoke_and_mirrors,
          elyvilon_altar_4, first_bread, minmay_misc_feat_four_crosses,
          minmay_misc_feat_ornament, minmay_tetromino_t4
D:3:      lemuel_doored_altar, nemelex_altar_shiori, gup_sewer_entry_glass,
          uniq_natasha, uniq_grinder
D:4:      lemuel_round_altar, uniq_duvessa, uniq_pikel
D:5:      slow_altar_2, basic_altar
D:6:      kiku_gazebo_garden_becter, minmay_temple_entry_statues_pillars,
          serial_park_tiny_pond, eino_small_chamber_without_monster,
          chequers_big_river, uniq_edmund
D:7:      amethyst_overflow_temple_binary
D:8:      david_lair_generic, basic_altar, the_bakery, uniq_joseph
D:9:      serial_shops, shop
D:11:     serial_shops, shop, columned_hall_lemuel
D:12:     hiddenorc1_lemuel, serial_shops, kennysheep_little_box
D:14:     david_vaults_5, small_statue_intersection
D:15:     hangedman_depths_entry_try_elsewhere_first, basic_altar, uniq_azrael,
          uniq_sonja
Lair:1:   portal_ice_cave_entry_ice_beasts, grunt_megastairs_4,
          serial_bayou_shore_b
Lair:2:   regret_index_harrowing_hell_hive, basic_altar,
          infiniplex_staircase_pool_2, lemuel_fruit_tree
Lair:3:   swamp_mist_pool, special_room, pf_torpor_hydra
Lair:4:   spider_nest_entry_a
Lair:5:   infiniplex_staircase_pool, grunt_megastairs_1
Lair:6:   minmay_lair_end_enchanted_forest, slime_altar_1, serial_bayou_shore_a
Swamp:1:  hangedman_swamp_pad, cheibrodos_swamp_pet_leeches
Swamp:2:  evilmike_swamp_ruin_house_5, swamp_pool1
Swamp:3:  serial_swamp_ruin, evilmike_swamp_ruin_rubble_2,
          evilmike_swamp_ruin_house_6, evilmike_swamp_ruin_house_4, swamp_pool3,
          lightli_tree_ring
Swamp:4:  swamp_vile
Spider:1: spider_trap, uniq_rupert, uniq_frances
Orc:1:    basic_altar, serial_shops, shop
Orc:2:    grunt_orc_gardens, grunt_orc_garden, grunt_orc_garden,
          grunt_orc_garden, grunt_orc_garden, basic_altar, mines2_david

Skill      XL: |  1  2  3  4  5  6  7  8  9 10 11 12 13 14 15 16 |
---------------+-------------------------------------------------+-----
Armour         | 2 4 6 7 9 10 | 10.1
Dodging        | 2 3 4 5 6 7 9 10 | 10.1
Polearms       | 3 4 5 7 8 10 11 | 11.0
Shields        | 2 3 5 7 9 11 13 14 | 14.2
Fighting       | 4 5 6 8 9 11 | 11.0
Throwing       | 3 4 5 |  5.0
Long Blades    | 7 10 11 | 11.4

Action                   |  1- 3 |  4- 6 |  7- 9 | 10-12 | 13-15 | 16-18 || total
-------------------------+-------+-------+-------+-------+-------+-------++-------
Melee: Spear             |   173 |   238 |   542 |  1475 |  2543 |    82 ||  5053
       Kick              |       |       |    96 |       |   423 |   189 ||   708
       Long sword        |       |       |       |       |    63 |   246 ||   309
Throw: Javelin           |       |       |       |     3 |    28 |     5 ||    36
Invok: Burn Spellbooks   |       |       |     1 |     5 |     8 |       ||    14
       Berserk           |       |       |     1 |       |       |     1 ||     2
       Trog's Hand       |       |       |     1 |       |       |     1 ||     2
Evoke: Wand              |       |       |       |     4 |     1 |     1 ||     6
  Use: Potion            |     1 |     1 |     8 |     5 |     1 |     1 ||    17
       Scroll            |       |       |    19 |    20 |    22 |     1 ||    62
 Stab: Sleeping          |     1 |       |       |     1 |    17 |       ||    19
       Distracted        |       |       |     2 |     7 |    11 |     1 ||    21
  Eat: Chunk             |     2 |     7 |    13 |    25 |    40 |     7 ||    94
       Royal jelly       |       |       |     4 |     1 |       |       ||     5
       Fruit             |       |       |       |     1 |     3 |     2 ||     6
Armor: Leather armour    |    23 |    62 |    80 |   151 |   360 |       ||   676
       Ring mail         |       |       |    36 |    95 |       |       ||   131
       Chain mail        |       |       |       |       |       |   134 ||   134
Dodge: Dodged            |    72 |   119 |   216 |   534 |  1187 |   217 ||  2345
Block: Buckler           |     8 |    44 |   129 |   464 |   969 |   243 ||  1857
       Reflection        |       |       |     5 |    16 |     3 |     8 ||    32
       Rpst.: Long sword |       |       |       |       |    11 |    35 ||    46

Table legend:
 A = Spawn XP
 B = Non-spawn XP
 C = Spawn XP percentage of total XP
 D = Spawn monster count
 E = Non-spawn monster count
 F = Spawn count percentage of total count
 G = Total turns spent on level
                    A         B        C        D         E        F      G
               +---------+---------+-------+---------+---------+-------+---------
         Total |       0 |  170741 |   0.0 |       0 |     968 |   0.0 | 30432
               +---------+---------+-------+---------+---------+-------+---------
           D:1 |       0 |      72 |   0.0 |       0 |      34 |   0.0 |  1301
           D:2 |       0 |      59 |   0.0 |       0 |      23 |   0.0 |  1428
           D:3 |       0 |     452 |   0.0 |       0 |      23 |   0.0 |  1025
           D:4 |       0 |     825 |   0.0 |       0 |      18 |   0.0 |  1262
           D:5 |       0 |     785 |   0.0 |       0 |      25 |   0.0 |  1858
           D:6 |       0 |    1038 |   0.0 |       0 |      23 |   0.0 |  1009
           D:7 |       0 |    1031 |   0.0 |       0 |      20 |   0.0 |   974
           D:8 |       0 |    1752 |   0.0 |       0 |      25 |   0.0 |  1055
           D:9 |       0 |    2950 |   0.0 |       0 |      25 |   0.0 |   873
          D:10 |       0 |    1546 |   0.0 |       0 |      40 |   0.0 |   864
          D:11 |       0 |    4217 |   0.0 |       0 |      32 |   0.0 |   850
          D:12 |       0 |    8683 |   0.0 |       0 |      68 |   0.0 |  1481
          D:13 |       0 |    4384 |   0.0 |       0 |      32 |   0.0 |  1188
          D:14 |       0 |    5063 |   0.0 |       0 |      14 |   0.0 |   782
          D:15 |       0 |   20972 |   0.0 |       0 |      77 |   0.0 |  1716
        Lair:1 |       0 |    4415 |   0.0 |       0 |      22 |   0.0 |  1067
        Lair:2 |       0 |    7008 |   0.0 |       0 |      55 |   0.0 |  1565
        Lair:3 |       0 |    4542 |   0.0 |       0 |      17 |   0.0 |  1049
        Lair:4 |       0 |    6886 |   0.0 |       0 |      30 |   0.0 |  1424
        Lair:5 |       0 |    7280 |   0.0 |       0 |      23 |   0.0 |   938
        Lair:6 |       0 |   14088 |   0.0 |       0 |      74 |   0.0 |  1265
       Swamp:1 |       0 |    9638 |   0.0 |       0 |      25 |   0.0 |   996
       Swamp:2 |       0 |   13741 |   0.0 |       0 |      50 |   0.0 |   969
       Swamp:3 |       0 |    7369 |   0.0 |       0 |      26 |   0.0 |   808
       Swamp:4 |       0 |   27504 |   0.0 |       0 |      71 |   0.0 |  1015
      Spider:1 |       0 |     214 |   0.0 |       0 |       1 |   0.0 |     8
         Orc:1 |       0 |    3640 |   0.0 |       0 |      42 |   0.0 |   576
         Orc:2 |       0 |   10587 |   0.0 |       0 |      53 |   0.0 |  1086
               +---------+---------+-------+---------+---------+-------+---------
